 Dungeon Crawl Stone Soup version 0.25-a0-62-g88673ef095 (webtiles) character file.

Game seed: 13506411453753169244, levelgen mode: deterministic

1924 D1HalberdGnoll the Covert (level 9, -7/47 HPs)
             Began as a Vine Stalker Enchanter on Oct 30, 2019.
             Was a Believer of Dithmenos.
             Mangled by a hippogriff (9 damage)
             ... on level 7 of the Dungeon.
             The game lasted 00:09:31 (5539 turns).

D1HalberdGnoll the Covert (Vine Stalker Enchanter)  Turns: 5539, Time: 00:09:31

Health: -7/47      AC:  4    Str: 13    XL:     9   Next: 17%
Magic:  0/26       EV: 13    Int: 16    God:    Dithmenos [**....]
Gold:   245        SH:  4    Dex: 21    Spells: 12/18 levels left

rFire    + . .     SeeInvis .   q - +6 club
rCold    . . .     Gourm    .   (no shield)
rNeg     . . .     Faith    .   c - +1 robe "Tisuy" {Dex+6}
rPois    .         Spirit   +   (no helmet)
rElec    .         Reflect  .   f - scarf {cloud immunity}
rCorr    .         Harm     .   b - +0 pair of gloves
MR       +....                  (no boots)
Stlth    ++++++....             j - amulet of the acrobat
HPRegen  0.55/turn              u - ring of magical power
MPRegen  0.20/turn              (no ring)

@: wreathed by umbra
A: fangs 3, large bone plates 1, fire resistance 1, regeneration 1, magic
shield, antimagic bite, no potion heal 3, rot immunity
a: Shadow Step, Renounce Religion


You were on level 7 of the Dungeon.
You worshipped Dithmenos.
Dithmenos was pleased with you.
You were not hungry.

You visited 1 branch of the dungeon, and saw 8 of its levels.

You collected 245 gold pieces.

Inventory:

Hand Weapons
 a - a +1 dagger
 q - a +6 club (weapon)
Armour
 b - a +0 pair of gloves (worn)
 c - the +1 robe "Tisuy" (worn) {Dex+6}
   (You found it on level 7 of the Dungeon)

   It affects your dexterity (+6).
 f - a scarf of cloud immunity (worn)
 g - a +1 leather armour of magic resistance
Jewellery
 j - an amulet of the acrobat (around neck)
 n - an uncursed ring of resist corrosion {unknown}
 o - an uncursed amulet of magic regeneration {unknown}
 u - a ring of magical power (left hand)
 x - a cursed ring of attention {unknown}
Wands
 l - a wand of polymorph (6)
 p - a wand of random effects (18)
 s - a wand of disintegration (16)
 v - a wand of flame (24)
 A - a wand of enslavement (3)
Scrolls
 k - a scroll of teleportation
 t - a scroll of fog {unknown}
 y - a scroll of remove curse
 z - a scroll of identify
Potions
 e - a potion of agility
 i - a potion of ambrosia {unknown}
 m - 2 potions of degeneration {unknown}
 r - 2 potions of curing
 w - a potion of berserk rage {unknown}
 B - 2 potions of flight {unknown}
Comestibles
 d - 16 rations
 C - 4 chunks of flesh


   Skills:
 + Level 5.1 Fighting
 + Level 4.9 Short Blades
 - Level 2.0 Armour
 - Level 2.0 Dodging
 + Level 9.0 Stealth
 - Level 5.2 Spellcasting
 - Level 3.0 Hexes


You had 12 spell levels left.
You knew the following spells:

 Your Spells              Type           Power        Failure   Level  Hunger
a - Corona                Hex            ##.....      4%          1    None
b - Ensorcelled Hibernat  Hex/Ice        #.....       12%         2    #......
c - Tukima's Dance        Hex            ##......     13%         3    ###....

Your spell library contained the following spells:

 Spells                   Type           Power        Failure   Level  Hunger
 Confusing Touch          Hex            ##....       4%          1    None
 Confuse                  Hex            ##......     13%         3    ###....
 Dazzling Spray           Conj/Hex       #.....       24%         3    ###....
 Gell's Gravitas          Tloc           #.........   41%         3    ###....
 Petrify                  Tmut/Erth      #.......     83%         4    ####...
 Metabolic Englaciation   Hex/Ice        #.........   92%         5    ######.
 Yara's Violent Unravell  Hex/Tmut       #.........   92%         5    ######.


Dungeon Overview and Level Annotations

Branches:
Dungeon (8/15)             Temple (0/1) D:5
   Lair: D:8-11

Altars:
Dithmenos
Elyvilon
Hepliaklqana
Makhleb
Qazlal
Ru

Shops:
D:6 :   D:7 !


Innate Abilities, Weirdness & Mutations

You have razor-sharp teeth.
Your natural rate of healing is unusually fast.
When hurt, damage is shared between your health and your magic reserves.
Your bite disrupts and absorbs the magic of your enemies.
Potions cannot restore your health.
You are immune to rotting.
You are partially covered in large bone plates. (SH +4)
Your flesh is heat resistant. (rF+)


Message History

Evoke which item? (* to show all) (? for menu, Esc to quit)
Aiming: Corrosive Bolt
Press: ? - help, Shift-Dir - straight line, f/p - hippogriff
Aim: a hippogriff (heavily wounded, umbra)
The bolt of acid hits the hippogriff.
The hippogriff is splashed with acid.
The acid corrodes the hippogriff!
The hippogriff is severely wounded.
You block the hippogriff's attack. The hippogriff pecks you.
* * * LOW HITPOINT WARNING * * *
The hippogriff claws you.
* * * LOW HITPOINT WARNING * * *
Some of the chunks of flesh in your inventory have rotted away.
Evoke which item? (* to show all) (? for menu, Esc to quit)
Aiming: Corrosive Bolt
Press: ? - help, Shift-Dir - straight line, f/p - hippogriff
Aim: a hippogriff (severely wounded, covered in acid, umbra)
The bolt of acid hits the hippogriff!
The hippogriff is splashed with acid.
The hippogriff is almost dead.
The now-empty wand crumbles to dust.
The hippogriff bites you!
You die...

#..# ##.#.......#####...#.
###..# #.#.............## .#
.....# #.#............... .#
####.# #.#.......######## ##.##
#.# #.#.......# #..Z. #.#
#.#.)..)..# #########..## #.#
#.####.#### #............
#.####.....)######.###........
###.##.........@H..........%....
#......#############.###.######.
#......# #....... #......#
#####.##.# #......# #.# #
#......# ... ####.#.# ..# #.#.#
..# #.#.######


You could see a hippogriff.

Vanquished Creatures
  A yak (D:7)
  A human (D:7)
  3 hogs (D:7)
  Duvessa (D:6)
  A phantom (D:4)
  An ogre (D:4)
  A centaur (D:7)
  A bullfrog (D:6)
  Dowan (D:6)
  A scorpion (D:4)
  A wyvern skeleton (D:7)
  A bullfrog skeleton (D:5)
  4 hounds
  A jelly (D:6)
  An orc priest (D:3)
  2 orc wizards
  Jessica (D:3)
  An iguana (D:4)
  Ijyb (D:3)
  Terence (D:3)
  2 worker ants
  7 gnolls
  A howler monkey skeleton (D:7)
  8 adders
  An ooze (D:1)
  An adder zombie (D:5)
  A worm (D:6)
  3 dart slugs
  3 leopard geckos
  9 orcs
  7 bats
  2 giant cockroaches
  7 goblins
  4 hobgoblins
  2 jackals (D:2)
  3 quokkas
  2 ball pythons
  3 frilled lizards
  A jackal skeleton (D:5)
  2 kobolds (D:2)
  7 rats
102 creatures vanquished.

Notes
Turn   | Place    | Note
-------+----------+-------------------------------------------
     0 | D:1      | D1HalberdGnoll the Vine Stalker Enchanter began the quest
                  | for the Orb.
     0 | D:1      | Reached XP level 1. HP: 9/9 MP: 4/4
    75 | D:1      | Reached skill level 4 in Stealth
    75 | D:1      | Reached XP level 2. HP: 6/14 MP: 3/6
   712 | D:1      | Reached XP level 3. HP: 14/17 MP: 5/7
  1048 | D:2      | Found a shadowy altar of Dithmenos.
  1059 | D:2      | Became a worshipper of Dithmenos the Shadowed
  1104 | D:2      | Reached skill level 1 in Fighting
  1126 | D:2      | Found a faded altar of an unknown god.
  1205 | D:2      | Gained mutation: Your natural rate of healing is unusually
                  | fast. [Vine Stalker growth]
  1205 | D:2      | Reached XP level 4. HP: 8/22 MP: 7/9
  1430 | D:3      | Reached skill level 5 in Stealth
  1812 | D:3      | Gained mutation: Your flesh is heat resistant. (rF+)
                  | [potion of mutation]
  1812 | D:3      | Gained mutation: You are partially covered in large bone
                  | plates. (SH +4) [potion of mutation]
  1813 | D:3      | Noticed Jessica
  1814 | D:3      | Killed Jessica
  1814 | D:3      | Reached * piety under Dithmenos
  1814 | D:3      | Reached skill level 1 in Short Blades
  1814 | D:3      | Reached XP level 5. HP: 4/25 MP: 1/10
  1987 | D:3      | Noticed Terence
  2001 | D:3      | Killed Terence
  2001 | D:3      | Reached skill level 1 in Armour
  2221 | D:3      | Learned a level 2 spell: Ensorcelled Hibernation
  2225 | D:3      | Learned a level 3 spell: Tukima's Dance
  2245 | D:3      | Found a hazy altar of Hepliaklqana.
  2311 | D:3      | Reached XP level 6. HP: 20/30 MP: 8/11
  2490 | D:3      | Noticed Ijyb
  2497 | D:3      | Killed Ijyb
  2785 | D:4      | Reached skill level 6 in Stealth
  2998 | D:4      | Reached XP level 7. HP: 35/35 MP: 14/14
  3338 | D:5      | Entered Level 5 of the Dungeon
  3354 | D:5      | You fall into a shaft and drop 3 floors!
  3355 | D:8      | Noticed a steam dragon
  3360 | D:7      | Found Cidd's Distillery.
  3377 | D:7      | Got a slimy robe
  3449 | D:6      | Identified the +1 robe "Tisuy" {Dex+6} (You found it on
                  | level 7 of the Dungeon)
  3604 | D:6      | Found a stormy altar of Qazlal.
  3647 | D:6      | Noticed Dowan
  3653 | D:6      | Noticed Duvessa
  3661 | D:6      | Killed Duvessa
  3661 | D:6      | Reached skill level 5 in Spellcasting
  3661 | D:6      | Gained mutation: You have razor-sharp teeth. [Vine Stalker
                  | growth]
  3661 | D:6      | Reached XP level 8. HP: 37/40 MP: 16/16
  3663 | D:6      | Killed Dowan
  3663 | D:6      | Reached skill level 7 in Stealth
  4000 | D:5      | Found a sacrificial altar of Ru.
  4000 | D:5      | Found a burning altar of Makhleb.
  4001 | D:5      | Found a white marble altar of Elyvilon.
  4290 | D:5      | Found a staircase to the Ecumenical Temple.
  4726 | D:6      | Found Ypri's Book Boutique.
  5183 | D:7      | Reached ** piety under Dithmenos
  5289 | D:7      | Noticed a yak
  5317 | D:7      | Reached skill level 8 in Stealth
  5321 | D:7      | Reached XP level 9. HP: 17/46 MP: 15/17
  5391 | D:7      | Reached skill level 5 in Fighting
  5391 | D:7      | Reached skill level 9 in Stealth
  5538 | D:7      | HP: 1/47 [hippogriff (2)]
  5539 | D:7      | Mangled by a hippogriff

Levels and vault maps discovered:
D:1:      dpeg_arrival_pond, layout_rooms
D:2:      layout_rooms, grunt_dithmenos_smoke_and_mirrors,
          chequers_ecumenical_altar_island, minmay_fountain_box
D:3:      layout_loops_corners, lemuel_crystal_altar, uniq_jessica,
          uniq_terence, uniq_ijyb
D:4:      layout_basic, first_ration, guppyfry_early_lair_pool
D:5:      layout_basic, gammafunk_temple_overflow_claw,
          minmay_temple_entry_from_below_b
D:6:      layout_loops_ring, grunt_qazlal_sundering, serial_shops,
          nicolae_shop_statue_plus, grunt_ministairs_15, uniq_duvessa
D:7:      layout_loops_ring, lemuel_coloured_pillars_altar, serial_shops, shop,
          grunt_livestock, led_sif_book
D:8:      layout_basic, nicolae_overflow_hidden_temple,
          gammafunk_temple_overflow_elements, grunt_lair_entry_orc_guard_hut,
          serial_shops, shop

Skill      XL: |  1  2  3  4  5  6  7  8  9 |
---------------+----------------------------+-----
Stealth        | 4 5 6 8 9 |  9.0
Dodging        | 2 |  2.0
Fighting       | 1 2 3 4 5 |  5.1
Short Blades   | 1 2 4 |  4.9
Armour         | 1 2 |  2.0
Spellcasting   | 3 4 5 |  5.2
Hexes          | |  3.0

Action                   |  1- 3 |  4- 6 |  7- 9 || total
-------------------------+-------+-------+-------++-------
Melee: Dagger            |   100 |   147 |       ||   247
       Bite              |    24 |    44 |    52 ||   120
       Club              |       |    27 |   169 ||   196
 Cast: Corona            |     1 |       |       ||     1
       Ensorcelled Hiber |       |       |     3 ||     3
Evoke: Wand              |       |     2 |     5 ||     7
  Use: Potion            |     1 |     2 |     1 ||     4
       Scroll            |       |     8 |     1 ||     9
 Stab: Sleeping          |     6 |     8 |    10 ||    24
  Eat: Chunk             |     1 |     5 |     6 ||    12
       Ration            |       |       |     1 ||     1
Armor: Robe              |     9 |       |    20 ||    29
       Leather armour    |    19 |    42 |    14 ||    75
Dodge: Dodged            |    76 |   119 |   162 ||   357
Block: Other             |       |    27 |    40 ||    67

Table legend:
 A = Non-vault XP
 B = Vault XP
 C = Vault XP percentage of total XP
 D = Non-vault monster count
 E = Vault monster count
 F = Vault count percentage of total count
                 A         B        C        D         E       F
            +---------+---------+-------+---------+---------+-------
      Total |    1284 |    1465 |  53.3 |      90 |      12 |  11.8
            +---------+---------+-------+---------+---------+-------
        D:1 |      50 |       0 |   0.0 |      21 |       0 |   0.0
        D:2 |      67 |       0 |   0.0 |      17 |       0 |   0.0
        D:3 |     178 |     109 |  38.0 |      20 |       3 |  13.0
        D:4 |     479 |       0 |   0.0 |      10 |       0 |   0.0
        D:5 |     114 |       0 |   0.0 |      10 |       0 |   0.0
        D:6 |     123 |     352 |  74.1 |       6 |       4 |  40.0
        D:7 |     273 |    1004 |  78.6 |       6 |       5 |  45.5
            +---------+---------+-------+---------+---------+-------
